 Dungeon Crawl Stone Soup version 0.28-a0-834-g1a73be5ee4 (webtiles) character file.

Game seed: 17549301411249899906

18 YakumoRising the Sneak (level 2, 0/15 HPs)
             Began as a Spriggan Brigand on Nov 11, 2021.
             Slain by an adder (1 damage)
             ... on level 2 of the Dungeon.
             The game lasted 00:05:26 (906 turns).

YakumoRising the Sneak (Spriggan Brigand)            Turns: 906, Time: 00:05:26

Health: 0/15       AC:  3    Str:  7    XL:     2   Next: 48%
Magic:  3/3        EV: 16    Int: 12    God:
Gold:   22         SH:  0    Dex: 16    Spells: 1/1 levels left

rFire   . . .      SeeInvis +   j - +1 dagger (vamp)
rCold   . . .      Faith    .   (shield restricted)
rNeg    . . .      Spirit   .   b - +0 robe
rPois   .          Reflect  .   (helmet restricted)
rElec   .          Harm     .   c - +0 cloak
rCorr   .          Rampage  .   (gloves unavailable)
Will    .....                   (boots unavailable)
Stlth   +++.......              (no amulet)
HPRegen 0.05/turn               (no ring)
MPRegen 0.08/turn               (no ring)

@: lethally poisoned (0 -> -5), very quick
A: very small, no large weapons, unfitting armour, see invisible, speed 3
a: no special abilities


You were on level 2 of the Dungeon.
You visited 1 branch of the dungeon, and saw 2 of its levels.

You collected 22 gold pieces.

Inventory:

Hand Weapons
 a - a +2 dagger
 j - a +1 vampiric dagger (weapon)
Missiles
 d - 8 poisoned darts
 e - 2 curare-tipped darts
 f - 18 stones (quivered)
Armour
 b - a +0 robe (worn)
 c - a +0 cloak (worn)
Potions
 h - a potion of brilliance {unknown}


   Skills:
 + Level 1.7 Fighting
 * Level 2.6 Short Blades
 + Level 2.1 Throwing
 + Level 1.6 Dodging
 * Level 6.3 Stealth


You had one spell level left.
You didn't know any spells.
Your spell library was empty.

Dungeon Overview and Level Annotations

Branches:
Dungeon (2/15)

Altars:

Shops:
D:1 *


Innate Abilities, Weirdness & Mutations

You are very small and have problems with some larger weapons.
You are too small for most types of armour.
You have supernaturally acute eyesight. (SInv)
You cover ground extremely quickly. (Speed+++)


Message History

You hit the adder but do no damage.
The adder is lightly wounded.
The adder completely misses you.
You hit the adder.
The adder is moderately wounded.
The adder barely misses you.
You hit the adder but do no damage.
The adder is moderately wounded.
The adder bites you.
You are poisoned.
The adder poisons you!
You hit the adder.
The adder is moderately wounded.
You feel sick. The adder misses you.
You hit the adder.
The adder is heavily wounded.
You feel sick. The adder misses you.
You hit the adder.
The adder is heavily wounded.
You feel sick. The adder bites you but does no damage.
You closely miss the adder.
The adder is heavily wounded.
You feel sick. The adder bites you.
You hit the adder.
You feel better.
The adder is severely wounded.
You feel sick. The adder barely misses you.
You hit the adder.
You feel better.
The adder is almost dead.
The adder closely misses you.
You hit the adder but do no damage.
The adder is almost dead.
You feel sick. The adder bites you.
* * * LOW HITPOINT WARNING * * *
You are lethally poisoned!
The adder poisons you!
You closely miss the adder.
The adder is almost dead.
* * * LOW HITPOINT WARNING * * *
You feel sick. The adder bites you.
You die...

# .# ##. .. .
#######.#
..###.....S.###.#
..........@.....#
............#####
............#
.....?.(....#
.......<....#
........?..##
...........#
...........#
...........#


You could see an adder.

Vanquished Creatures
  A ball python (D:1)
  2 bats (D:1)
  3 endoplasms
  A giant cockroach (D:1)
  2 goblins (D:1)
  A hobgoblin (D:1)
  2 jackals (D:1)
  A frilled lizard (D:1)
  2 rats (D:1)
15 creatures vanquished.

Notes
Turn   | Place    | Note
-------+----------+-------------------------------------------
     0 | D:1      | YakumoRising the Spriggan Brigand began the quest for the
                  | Orb.
     0 | D:1      | Reached XP level 1. HP: 10/10 MP: 2/2
   168 | D:1      | Reached skill level 6 in Stealth
   427 | D:1      | Reached XP level 2. HP: 15/15 MP: 3/3
   452 | D:1      | Found Jiukia's General Store.
   906 | D:2      | Slain by an adder

Illustrated notes

Levels and vault maps discovered:
D:1:      dpeg_arrival_pond, layout_basic, serial_shops, nicolae_lakefront_shop,
          minivault_14
D:2:      layout_basic

Skill      XL: |  1 |
---------------+----+-----
Stealth        | 6 |  6.3
Fighting       | |  1.7
Short Blades   | |  2.6
Throwing       | |  2.1
Dodging        | |  1.6

Action                   || total
-------------------------++-------
Melee: Dagger            ||    76
Throw: Stone             ||    15
  Use: Scroll            ||     2
 Stab: Sleeping          ||     4
Armor: Robe              ||    17
Dodge: Dodged            ||    55

Table legend: (Time is in decaauts)
 A = Elapsed time spent in this place.
 B = Non-inter-level travel time spent in this place.
 C = Inter-level travel time spent in this place.
 D = Time resting spent in this place.
 E = Time spent auto-exploring this place.
 F = Levels seen in this place.
 G = Mean time per level.
                   A        B        C        D        E       F      G
               +--------+--------+--------+--------+--------+-----+--------+
         Total |    702 |    702 |      0 |     87 |    440 |   2 |  351.0 |
       Dungeon |    702 |    702 |      0 |     87 |    440 |   2 |  351.0 |
               +--------+--------+--------+--------+--------+-----+--------+

Top non-repeatable levels by time:
     D:1: 679 daAuts
     D:2: 22 daAuts
